 Dungeon Crawl Stone Soup version 0.30-a0-528-g8c47a4955b (webtiles) character file.

Game seed: 3901893765930274486

1150 Pooter the Ruffian (level 8, 0/78 HPs)
             Began as a Troll Fighter on Dec 23, 2022.
             Slain by a killer bee (6 damage)
             ... on level 5 of the Dungeon.
             The game lasted 00:21:14 (3944 turns).

Pooter the Ruffian (Troll Fighter)                  Turns: 3944, Time: 00:21:15

Health: 0/78       AC:  5    Str: 33    XL:     8   Next: 15%
Magic:  7/7        EV:  8    Int:  4    God:
Gold:   128        SH:  7    Dex:  9    Spells: 7/7 levels left

rFire   + . .      SeeInvis .      - Unarmed
rCold   . . .      Faith    .    C - +0 kite shield
rNeg    + + .      Spirit   .    D - +1 robe "Lyr Kuni" {rN++ Regen+}
rPois   .          Reflect  .    (helmet restricted)
rElec   .          Harm     .    (no cloak)
rCorr   .          Rampage  .    (gloves unavailable)
Will    .....                    (boots unavailable)
Stlth   +                        y - amulet of regeneration
HPRegen 2.73/turn                F - ring of protection from fire
MPRegen 0.10/turn                p - +6 ring of strength

@: lethally poisoned (0 -> 0)
A: large, unfitting armour, claws 3, regeneration 1, shaggy fur 1, tough skin 1
a: no special abilities


You were on level 5 of the Dungeon.
You visited 2 branches of the dungeon, and saw 7 of its levels.

You collected 270 gold pieces.
You spent 142 gold pieces at shops.

Inventory:

Hand Weapons
 b - a +0 sling
   (You found it on level 5 of the Dungeon)
 i - a +0 giant spiked club
   (You took it off an ogre on level 4 of the Dungeon)
 j - a +0 trident
   (You took it off Robin on level 2 of the Dungeon)
Missiles
 u - 15 poisoned darts (quivered)
 B - a throwing net {!f}
 Q - 21 stones
Armour
 C - a +0 kite shield (worn)
 D - the +1 robe "Lyr Kuni" (worn) {rN++ Regen+}
   (You bought it in a shop on level 5 of the Dungeon)

   rN:        It greatly protects you from negative energy.
   Regen:     It increases your rate of health regeneration.
Jewellery
 k - an amulet of magic regeneration
   (You found it on level 1 of the Dungeon)
 p - a +6 ring of strength (right claw)
   (You found it on level 2 of the Dungeon)
 y - an amulet of regeneration (around neck)
   (You found it on level 3 of the Dungeon)
 F - a ring of protection from fire (left claw)
   (You found it on level 2 of the Dungeon)
 N - a ring of positive energy
   (You found it on level 2 of the Dungeon)
Wands
 g - a wand of quicksilver (4)
   (You took it off Robin on level 2 of the Dungeon)
Scrolls
 a - a scroll of brand weapon {unknown}
 d - a scroll of magic mapping
 l - a scroll of acquirement {unknown}
 o - a scroll of amnesia {unknown}
 s - 2 scrolls of immolation {!r}
 t - a scroll of teleportation {@r4}
 w - a scroll of torment {!r}
 x - a scroll of enchant weapon
 z - 2 scrolls of noise {unknown}
Potions
 c - a potion of mutation {unknown}
 e - 2 potions of attraction {!q}
 f - a potion of degeneration {unknown}
 h - a potion of magic {unknown}
 m - a potion of flight {unknown}
 n - a potion of lignification {unknown}
 q - 2 potions of curing {@q1}
 r - a potion of cancellation {unknown}
 v - a potion of haste {unknown}
 A - a potion of berserk rage {unknown}


   Skills:
 + Level 3.7 Fighting
 + Level 3.0 Throwing
 - Level 2.4 Dodging
 + Level 4.1 Shields
 * Level 6.9 Unarmed Combat
 + Level 2.4 Evocations


You had 7 spell levels left.
You didn't know any spells.
Your spell library was empty.

Dungeon Overview and Level Annotations

Branches:
Dungeon (6/15)             Temple (1/1) D:4

Altars:
Dithmenos
Gozag
Makhleb
Qazlal
Ru
Trog
Uskayaw
Vehumet
Wu Jian
Xom
Zin
The Shining One

Shops:
D:5 [

Annotations:
D:4 1 runed translucent door
D:6 Duvessa


Innate Abilities, Weirdness & Mutations

You are too large for most types of armour.
You have claws for hands.
Your natural rate of healing is unusually fast.
You are covered in fur. (AC +1)
You have tough skin. (AC +1)


Message History

The killer bee stings you!
* * * LOW HITPOINT WARNING * * *
You are more poisoned.
The killer bee poisons you!
The killer bee attacks as you move away!
You block the killer bee's attack.
You feel very sick. The killer bee stings you.
* * * LOW HITPOINT WARNING * * *
You are more poisoned.
The killer bee poisons you! The killer bee barely misses you.
There is a stone staircase leading up here.
You feel very sick. The killer bee barely misses you.
The killer bee closely misses you. The killer bee stings you.
* * * LOW HITPOINT WARNING * * *
The killer bee stings you!
* * * LOW HITPOINT WARNING * * *
You climb upwards.
You feel very sick.
There is a stone staircase leading down here.
It was a potion of curing.
You feel better. The killer bee stings you.
* * * LOW HITPOINT WARNING * * *
You are poisoned.
The killer bee poisons you! The killer bee barely misses you.
The killer bee stings you.
* * * LOW HITPOINT WARNING * * *
The killer bee barely misses you.
You claw the killer bee!
You feel sick.
The killer bee stings you but does no damage.
The killer bee misses you. The killer bee stings you.
* * * LOW HITPOINT WARNING * * *
The killer bee stings you.
* * * LOW HITPOINT WARNING * * *
You mangle the killer bee!!
You kill the killer bee!
You feel sick. You block the killer bee's attack. The killer bee stings you.
* * * LOW HITPOINT WARNING * * *
You are more poisoned.
The killer bee poisons you!
Your Throwing skill increases to level 3!
You scratch the killer bee but do no damage.
You feel very sick. The killer bee stings you.
* * * LOW HITPOINT WARNING * * *
You block the killer bee's attack.
You scratch the killer bee.
You feel sick. You block the killer bee's attack.
The killer bee stings you but does no damage.
You closely miss the killer bee.
You feel sick. The killer bee stings you.
You die...

......'........≈..∩..≈..#.####
.....##.........≈...≈........#
#....###.........≈.≈..###.##.#
##...# ##.....#...≈...###.##.#
.....#####...####.##......##.#
...................#.........#
##..######..##.###.#.#########
.....#####..#..y##.#.#
........##......@#.#.#
..<..................#
........#........#.###
.....#####......##.#
###.######..##.###.#
#................#
#########)######## #.#
#######.##


You could see a killer bee.

Vanquished Creatures
  The ghost of Taurus the Chopper, an amateur MiFi (D:4)
  Grinder (D:4)
  An ogre (D:4)
  A necrophage (D:5)
  2 scorpions
  2 killer bees
  An orc priest (D:4)
  A hound (D:4)
  An iguana (D:4)
  Robin (D:2)
  7 gnolls
  7 adders
  A worm (D:4)
  6 dart slugs
  12 orcs
  8 bats
  4 endoplasms
  A giant cockroach (D:2)
  19 goblins
  10 hobgoblins
  20 jackals
  6 quokkas
  5 ball pythons
  4 frilled lizards
  11 kobolds
  3 rats
136 creatures vanquished.

Notes
Turn   | Place    | Note
-------+----------+-------------------------------------------
     0 | D:1      | Pooter the Troll Fighter began the quest for the Orb.
     0 | D:1      | Reached XP level 1. HP: 22/22 MP: 0/0
   142 | D:1      | Reached XP level 2. HP: 29/29 MP: 1/1
   229 | D:1      | You fall into a shaft and drop 1 floor!
   260 | D:2      | Reached skill level 3 in Unarmed Combat
   348 | D:2      | Noticed Robin
   361 | D:2      | Reached XP level 3. HP: 31/36 MP: 2/2
   370 | D:2      | Killed Robin
   376 | D:2      | Reached skill level 4 in Unarmed Combat
   623 | D:1      | Reached XP level 4. HP: 44/44 MP: 3/3
  2377 | D:4      | Noticed Grinder
  2382 | D:4      | Killed Grinder
  2383 | D:4      | Reached skill level 1 in Throwing
  2383 | D:4      | Reached skill level 5 in Unarmed Combat
  2383 | D:4      | Reached skill level 1 in Evocations
  2383 | D:4      | Reached XP level 5. HP: 33/52 MP: 4/4
  2383 | D:4      | Reached XP level 6. HP: 38/59 MP: 5/5
  2420 | D:4      | Found a staircase to the Ecumenical Temple.
  2431 | Temple   | Entered the Ecumenical Temple
  2512 | D:4      | Reached XP level 7. HP: 67/67 MP: 6/6
  2628 | D:4      | Reached skill level 6 in Unarmed Combat
  2843 | D:4      | Found a runed translucent door.
  2847 | D:4      | Noticed Taurus's ghost (amateur MiFi)
  2928 | D:4      | Found a runed translucent door.
  3032 | D:4      | Killed Taurus's ghost
  3073 | D:5      | Entered Level 5 of the Dungeon
  3217 | D:5      | Found Ipesh's Antique Armour Emporium.
  3244 | D:5      | Bought a bloodstained robe for 142 gold pieces
  3244 | D:5      | Identified the +1 robe "Lyr Kuni" {rN++ Regen+} (You bought
                  | it in a shop on level 5 of the Dungeon)
  3455 | D:5      | Reached XP level 8. HP: 76/76 MP: 7/7
  3482 | D:5      | Found an opulent altar of Gozag.
  3926 | D:6      | Noticed Duvessa
  3944 | D:5      | Slain by a killer bee

Illustrated notes

Levels and vault maps discovered:
D:1:      wander_arrival_estate, layout_loops_corners, minmay_tetromino_i2
D:2:      layout_loops_ring, uniq_robin
D:3:      layout_loops_ring
D:4:      layout_basic, minmay_temple_entry_proselytizer, ebering_ghost_sewer_f,
          kennysheep_generic_room_14, uniq_grinder
D:5:      layout_loops_corners, nicolae_gozag_cash_rules_everything_around_me,
          serial_shops, nicolae_diamond_shop, kennysheep_cross_room,
          sigmund_army
D:6:      layout_basic, minmay_liquid_box, chequers_garden, uniq_duvessa,
          uniq_menkaure
Temple:   hellmonk_temple_of_storms

Skill      XL: |  1  2  3  4  5  6  7  8 |
---------------+-------------------------+-----
Unarmed Combat | 3 4 5 6 |  6.9
Throwing       | 1 2 3 |  3.0
Shields        | 3 4 |  4.1
Evocations     | 1 2 |  2.4
Fighting       | 3 |  3.7
Dodging        | |  2.4

Action                   |  1- 3 |  4- 6 |  7- 9 || total
-------------------------+-------+-------+-------++-------
Melee: Unarmed           |    94 |   133 |   106 ||   333
 Fire: Sling             |       |       |     5 ||     5
Throw: Stone             |       |     4 |       ||     4
       Dart              |       |     1 |     3 ||     4
Evoke: Wand              |       |     2 |       ||     2
  Use: Scroll            |     1 |     5 |       ||     6
       Potion            |     1 |     1 |     3 ||     5
 Stab: Sleeping          |       |     2 |       ||     2
Armor: Robe              |    40 |    35 |    22 ||    97
Dodge: Dodged            |    34 |    41 |    39 ||   114
Block: Kite shield       |    24 |    40 |    41 ||   105

Table legend: (Time is in decaauts)
 A = Elapsed time spent in this place.
 B = Non-inter-level travel time spent in this place.
 C = Inter-level travel time spent in this place.
 D = Time resting spent in this place.
 E = Time spent auto-exploring this place.
 F = Levels seen in this place.
 G = Mean time per level.
                   A        B        C        D        E       F      G
               +--------+--------+--------+--------+--------+-----+--------+
         Total |   3961 |   3913 |     48 |     15 |   2928 |   7 |  565.9 |
       Dungeon |   3920 |   3872 |     48 |     15 |   2904 |   6 |  653.3 |
        Temple |     40 |     40 |      0 |      0 |     24 |   1 |   40.0 |
               +--------+--------+--------+--------+--------+-----+--------+

Top non-repeatable levels by time:
     D:4: 850 daAuts
     D:5: 825 daAuts
     D:2: 787 daAuts
     D:1: 781 daAuts
     D:3: 636 daAuts
  Temple: 40 daAuts
     D:6: 38 daAuts
